Map: Nightshade LE

Players

prospeKt

  • Race: Zerg Zerg
  • League: Platinum
  • Spawn Location: 5:00

VOD

Have the link to the VOD?

Description

Time

  • Played on: June 5, 2020, 11:03 a.m.
  • Length: 22:48
Show
View Real Time Build Order
Export as new Build Order

prospeKt Zerg 

Build Orders:  

Get SALT Encoding   

  12  0:01  Drone  
  13  0:18  Overlord  
  13  0:39  Drone  
  14  0:44  Drone x2  
  16  1:01  Drone  
  17  1:19  Hatchery  
  16  1:22  Drone  
  16  1:25  Drone  
  18  1:44  Spawning Pool  
  18  1:47  Drone  
  18  2:04  Drone  
  19  2:11  Drone, Extractor  
  19  2:28  Drone  
  20  2:43  Drone  
  21  2:55  Overlord  
  21  3:00  Drone  
  21  3:02  Queen x2  
  26  3:10  Drone  
  27  3:20  Drone  
  27  3:25  Drone  
  29  3:39  Spine Crawler, Drone  
  29  3:42  Overlord  
  29  3:48  Drone  
  30  3:53  Queen  
  30  3:58  Drone  
  33  4:08  Drone  
  34  4:14  Lair  
  34  4:28  Drone  
  34  4:29  Drone x2  
  37  4:33  Roach Warren  
  37  4:36  Drone  
  37  4:42  Overlord  
  37  4:43  Queen  
  37  4:47  Drone  
  37  4:48  Drone x2  
  42  5:04  Evolution Chamber, Drone x3  
  44  5:19  Drone x3  
  47  5:21  Overlord x2  
  47  5:24  Drone  
  47  5:29  Drone  
  49  5:31  Extractor  
  49  5:32  Extractor  
  47  5:46  Drone  
  47  5:49  Drone  
  49  5:58  Hatchery  
  48  6:08  Drone  
  48  6:09  Drone x5  
  54  6:25  Drone  
  54  6:26  Drone  
  56  6:34  Zerg Missile Weapons Level 1, Glial Reconstitution  
  56  6:42  Overlord x2, Extractor  
  55  7:03  Roach  
  55  7:04  Roach x5  
  67  7:17  Drone  
  67  7:18  Drone  
  69  7:28  Drone  
  69  7:29  Drone x6  
  76  7:35  Roach  
  78  8:02  Drone  
  78  8:03  Drone x4  
  78  8:06  Overlord  
  78  8:08  Drone x3  
  86  8:15  Hydralisk Den  
  86  8:17  Evolution Chamber  
  84  8:23  Drone x5  
  89  8:37  Extractor  
  88  8:44  Drone x6, Extractor  
  93  9:05  Overlord x4  
  93  9:14  Hatchery  
  92  9:41  Drone x11  
  103  10:04  Zerg Ground Armor Level 1  
  103  10:08  Infestation Pit  
  102  10:14  Zerg Missile Weapons Level 2  
  102  10:16  Drone  
  102  10:17  Drone x3  
  106  10:45  Hydralisk  
  106  10:46  Hydralisk x11  
  106  10:49  Overlord x4  
  130  11:08  Hatchery  
  129  11:21  Extractor  
  129  11:27  Hydralisk x9  
  129  11:28  Hydralisk x4, Extractor  
  153  11:39  Hatchery  
  152  11:42  Unknown  
  152  12:22  Hydralisk  
  152  12:23  Hydralisk x7  
  152  12:24  Overlord  
  152  12:25  Overlord x7  
  168  12:36  Hatchery  
  167  13:05  Overseer  
  167  13:07  Hydralisk x15  
  167  13:08  Hydralisk  
  167  13:09  Hive  
  199  13:13  Drone  
  200  13:27  Zerg Ground Armor Level 2  
  136  14:29  Hydralisk x14  
  150  14:30  Hydralisk x11  
  170  14:45  Overseer  
  170  14:49  Overlord x3  
  170  14:51  Hydralisk  
  170  14:52  Hydralisk x4  
  170  14:53  Hydralisk  
  182  15:00  Extractor  
  182  15:01  Drone x2  
  182  15:04  Drone x2, Extractor  
  182  15:05  Drone  
  182  15:07  Drone  
  186  15:10  Zerg Missile Weapons Level 3  
  186  15:20  Hatchery  
  185  15:42  Hatchery  
  184  16:06  Hydralisk x8  
  200  16:54  Zerg Ground Armor Level 3  
  132  17:32  Spire  
  132  17:35  Drone  
  114  17:40  Hydralisk  
  114  17:41  Hydralisk x18  
  114  17:42  Hydralisk x16  
  180  17:57  Hydralisk x4  
  180  17:58  Hydralisk x3  
  194  18:20  Hydralisk x3  
  200  18:32  Extractor  
  200  18:35  Extractor  
  198  18:47  Drone x2  
  200  18:58  Hatchery  
  183  19:41  Hydralisk x3  
  183  19:42  Hydralisk x9  
  197  19:54  Hydralisk  
  197  19:55  Hydralisk x8  
  197  19:57  Drone  
  197  19:58  Drone x2  
  134  20:33  Hydralisk x9  
  134  20:34  Hydralisk x15  
  182  20:45  Corruptor x8  
  160  21:28  Hydralisk  
  160  21:29  Hydralisk x13  
  125  21:58  Hydralisk x3  
  125  21:59  Hydralisk x4  
Tags
 
Add a new tag
Caveats
  • Supply blocks, unpowered buildings, or Contaminate may cause inaccurate times.
  • Supply counts are checked every 10 seconds.